 Dungeon Crawl Stone Soup version 0.18.1-48-g4cf74bf (webtiles) character file.

685 icedwrath the Slasher (level 7, -5/55 HPs)
             Began as a Human Chaos Knight on July 8, 2016.
             Killed from afar by an orc wizard (6 damage)
             ... with a puff of frost
             ... on level 5 of the Dungeon.
             The game lasted 00:46:47 (5584 turns).

icedwrath the Slasher (Human Chaos Knight)          Turns: 5584, Time: 00:46:47

Health: -5/55      AC:  5    Str: 14    XL:     7   Next: 93%
Magic:  7/7        EV: 14    Int: 14    God:    Xom [....*.]
Gold:   206        SH:  0    Dex: 15    Spells: 0 memorised, 6 levels left

rFire  + . .     SeeInvis .     a - +3 falchion (chaos)
rCold  . . .     Gourm    .     b - +2 leather armour
rNeg   . . .     Faith    .     (no shield)
rPois  .         Spirit   .     (helmet restricted)
rElec  .         Dismiss  .     (no cloak)
rCorr  .         Reflect  .     (no gloves)
SustAt .         Harm     .     (no boots)
MR     .....                    (no amulet)
Stlth  +++.......               (no ring)
                                f - ring of Minawaylab {god gift, +Fly rF+ rC- Int+2 Stlth+}

@: lethally poisoned (-5 -> -13), not resistant to hostile enchantments, fairly
stealthy
A: horns 1, agile 1, cold resistance 1, regeneration 1, wild magic 1
a: Renounce Religion, Evoke Flight


You were on level 5 of the Dungeon.
You worshipped Xom.
You were a beloved toy of Xom.
You were full.

You visited 1 branch of the dungeon, and saw 5 of its levels.

You collected 206 gold pieces.

Inventory:

Hand Weapons
 a - a +3 falchion of chaos (weapon)
 g - a +0 hunting sling
 q - a +2 quarterstaff of chaos
Missiles
 h - 115 stones (quivered)
 l - 31 arrows
Armour
 b - a +2 leather armour (worn)
 r - a +2 cloak
Rods
 c - a +4 lightning rod (9/9) {god gift}
   (Xom gifted it to you on level 1 of the Dungeon)
Jewellery
 f - the ring of Minawaylab (left hand) {god gift, +Fly rF+ rC- Int+2 Stlth+}
   (Xom gifted it to you on level 2 of the Dungeon)

   [ring of flight]

   It affects your intelligence (+2).
   It protects you from fire.
   It makes you vulnerable to cold.
   It lets you fly.
   It makes you more stealthy.
 j - a cursed ring of loudness {unknown}
Wands
 k - a wand of lightning (0/15)
 p - a wand of digging (14/24)
Potions
 e - 2 potions of curing
 i - a potion of haste
 m - 2 potions of agility
 n - 2 potions of flight


   Skills:
 + Level 4.4 Fighting
 + Level 5.0 Long Blades
 + Level 3.6 Armour
 + Level 4.2 Dodging
 + Level 2.7 Stealth
 + Level 1.0 Unarmed Combat


You had 6 spell levels left.
You didn't know any spells.

Dungeon Overview and Level Annotations

Branches:
Dungeon (5/15)
 Temple: D:4-7

Altars:
Elyvilon
Fedhas
Kikubaaqudgha
Qazlal
Xom


Innate Abilities, Weirdness & Mutations

You have a pair of small horns on your head.
You are agile. (Dex +2)
Your flesh is cold resistant.
Your natural rate of healing is unusually fast.
Your spells are a little harder to cast, but a little more powerful.


Message History

The orc wizard hits you but does no damage.
You are more poisoned.
Unknown command.
You slash the adder!
You kill the adder!
* * * LOW HITPOINT WARNING * * *
You feel sick. "Just a minor improvement..."
Something hits you but does no damage. The hound barely misses you.
The orc wizard completely misses you.
You closely miss the orc. Your headbutt misses the orc.
* * * LOW HITPOINT WARNING * * *
You feel sick. The orc wizard barely misses you. The hound barely misses you.
The orc closely misses you. Something barely misses you.
The orc wizard mumbles some strange words.
The orc wizard blinks!
The orc wizard points at you and mumbles some strange words.
The puff of frost hits you!
You die...
Xom thinks this is hilarious!

#.## ... .!. ..#
#.########.#
#.####.?#_......#
#_.._.?)....._#
.......#)..h._###..
..####..<)ohoa..o.a
#....##hoh#####
.....##..#@#r#
....# ##.{o#.(.
...# ##_o# ### ...
#..# .. #§Y. #.5..
.... .....


You could see a sky beast, 2 hounds, a worker ant, 2 orc wizards, a crimson imp,
4 orcs and 2 jackals.

Vanquished Creatures
  Edmund (D:4)
  A centaur (D:4)
  A scorpion (D:5)
  A quasit (D:5)
  A centaur skeleton (D:4)
  An orc priest (D:3)
  2 hounds
  Crazy Yiuf (D:4)
  4 gnolls
  4 adders
  An ooze (D:1)
  2 adder skeletons
  A worm (D:3)
  4 dart slugs
  9 giant geckos
  6 orcs
  A ball python (D:1)
  7 bats
  A bat skeleton (D:2)
  9 giant cockroaches
  6 goblins
  6 hobgoblins
  12 jackals
  11 kobolds
  5 quokkas
  A ball python skeleton (D:2)
  2 giant newts
  A jackal zombie (D:2)
  2 quokka skeletons (D:2)
  8 rats
112 creatures vanquished.

Vanquished Creatures (collateral kills)
  2 gnolls (D:4)
  A rat (D:3)
3 creatures vanquished.

Vanquished Creatures (others)
  An ogre (D:5)
  An adder (D:5)
2 creatures vanquished.

Grand Total: 117 creatures vanquished

Notes
Turn   | Place    | Note
--------------------------------------------------------------
     0 | D:1      | icedwrath the Human Chaos Knight began the quest for the Orb.
     0 | D:1      | Reached XP level 1. HP: 18/18 MP: 1/1
   305 | D:1      | Reached XP level 2. HP: 17/24 MP: 2/2
   720 | D:1      | Reached XP level 3. HP: 29/29 MP: 3/3
   797 | D:1      | XOM: harmless Air miscast
   936 | D:1      | XOM: god gift: fizzy green potion
  1251 | D:1      | XOM: vitrification
  1288 | D:1      | XOM: god gift: short glowing rod {god gift}
  1330 | D:1      | XOM: god gift: scroll of enchant weapon
  1558 | D:2      | Found a shimmering altar of Xom.
  1561 | D:2      | Reached XP level 4. HP: 35/35 MP: 4/4
  1840 | D:2      | XOM: cast spell 'Ice Form'
  1920 | D:2      | XOM: scenery: create altars
  1995 | D:2      | Found a stormy altar of Qazlal.
  2187 | D:2      | Reached XP level 5. HP: 41/41 MP: 5/5
  2249 | D:2      | XOM: god gift: fine brass ring {god gift}
  2250 | D:2      | Got a fine brass ring {god gift}
  2340 | D:2      | Found an ancient bone altar of Kikubaaqudgha.
  3026 | D:3      | XOM: give mutations
  3026 | D:3      | Gained mutation: You are agile. (Dex +2) [Xom's grace]
  3026 | D:3      | Gained mutation: Your flesh is cold resistant. [Xom's grace]
  3026 | D:3      | Gained mutation: Your spells are a little harder to cast, but a little more powerful. [Xom's grace]
  3201 | D:3      | XOM: summons 4 friendly demons
  3202 | D:3      | XOM: smoke on damage
  3213 | D:3      | Reached skill level 1 in Stealth
  3367 | D:3      | XOM: scenery: create altars
  3482 | D:3      | Reached XP level 6. HP: 45/48 MP: 6/6
  3491 | D:3      | XOM: 1-stop teleportation journey
  3534 | D:3      | Reached skill level 4 in Long Blades
  3606 | D:3      | XOM: 2-stop teleportation journey
  3647 | D:3      | Found a white marble altar of Elyvilon.
  3680 | D:3      | XOM: god gift: 14 arrows
  3722 | D:3      | Found a shimmering altar of Xom.
  3943 | D:3      | XOM: god gift: murky purple potion
  4054 | D:3      | XOM: cast spell 'Ice Form'
  4354 | D:4      | Noticed Edmund
  4367 | D:4      | Killed Edmund
  4367 | D:4      | Reached XP level 7. HP: 35/54 MP: 7/7
  4608 | D:4      | Identified the ring of Minawaylab {god gift, +Fly rF+ rC- Int+2 Stlth+} (Xom gifted it to you on level 2 of the Dungeon)
  4612 | D:4      | XOM: give mutations
  4612 | D:4      | Gained mutation: You have a pair of small horns on your head. [Xom's grace]
  4612 | D:4      | Gained mutation: Your natural rate of healing is unusually fast. [Xom's grace]
  4639 | D:4      | XOM: scenery: create altars
  4839 | D:4      | Noticed Crazy Yiuf
  4849 | D:4      | Killed Crazy Yiuf
  4948 | D:4      | XOM: swap monsters
  5272 | D:4      | Found a blossoming altar of Fedhas.
  5302 | D:5      | Entered Level 5 of the Dungeon
  5317 | D:5      | XOM: scenery: create altars
  5321 | D:5      | XOM: divine lightning (protected)
  5562 | D:5      | XOM: scenery: create altars
  5568 | D:5      | Reached skill level 5 in Long Blades
  5568 | D:5      | Reached skill level 1 in Unarmed Combat
  5569 | D:5      | XOM: polymorph jackal -> quokka
  5581 | D:5      | HP: 2/55 [orc wizard/puff of frost (6)]
  5582 | D:5      | Xom revived you
  5583 | D:5      | XOM: scenery: create altars
  5584 | D:5      | Killed from afar by an orc wizard

Skill      XL: |  1  2  3  4  5  6  7 |
---------------+----------------------+-----
Dodging        | 2 3 4 |  4.2
Stealth        | 1 2 |  2.7
Long Blades    | 4 5 |  5.0
Armour         | 3 |  3.6
Fighting       | 4 |  4.4
Unarmed Combat | 1 |  1.0

Action                   |  1- 3 |  4- 6 |  7- 9 || total
-------------------------+-------+-------+-------++-------
Melee: Falchion          |    73 |   217 |    48 ||   338
       Unarmed           |       |    10 |       ||    10
       Headbutt          |       |       |    10 ||    10
Evoke: Wand              |       |     1 |       ||     1
  Use: Scroll            |     5 |     4 |     2 ||    11
       Potion            |       |     5 |     4 ||     9
 Stab: Paralysed         |     1 |     1 |       ||     2
       Sleeping          |     1 |     2 |     2 ||     5
       Distracted        |       |       |     1 ||     1
       Petrifying        |       |       |     1 ||     1
  Eat: Bread ration      |     1 |     1 |       ||     2
       Beef jerky        |       |     1 |       ||     1
       Fruit             |       |     1 |     3 ||     4
       Meat ration       |       |       |     1 ||     1
       Chunk             |       |       |     1 ||     1
Armor: Leather armour    |    36 |    56 |    24 ||   116
       Skin              |       |    11 |       ||    11
Dodge: Dodged            |    57 |   146 |    77 ||   280
